TOP OF THE 1ST |
Grand Forks Caterpillars batting - Pitching for Myrtle Beach Seahawks : RHP Mario Ruíz
|
Pitching: RHP Mario Ruíz
|
|
Batting: SHB Luchino Salimbeni
|
0-0: Called Strike 0-1: Ball 1-1: Swinging Strike 1-2: SINGLE (Groundball, 4M)
|
Batting: RHB Nathaniel Gault
|
0-0: Ball 1-0: Grounds into double play, 6-4-3 (Groundball, 6)
|
Batting: RHB Nobuhiko Nakayama
|
0-0: Fly out, F4 (Popup, 4MD)
|
Top of the 1st over - 0 run(s), 1 hit(s), 0 error(s), 0 left on base; Grand Forks 0 - Myrtle Beach 0 |
BOTTOM OF THE 1ST |
Myrtle Beach Seahawks batting - Pitching for Grand Forks Caterpillars : RHP Luis Villabos
|
Pitching: RHP Luis Villabos
|
|
Batting: RHB Fernando Pérez
|
0-0: Called Strike 0-1: Hit by Pitch
|
Batting: RHB José Sosa
|
0-0: Ball 1-0: Ball Pickoff Throw by Catcher to First - Error! E2 Fernando Pérez to second 2-0: Foul Ball, location: 2F 2-1: Foul Ball, location: 2F 2-2: DOUBLE (Line Drive, 7LS) Fernando Pérez scores
|
Batting: SHB Jorge Barrios
|
0-0: Ball 1-0: Ball 2-0: Fly out, F8 (Popup, 8RS)
|
Batting: RHB Rodrigo Lugo
|
0-0: Ball 1-0: Ball 2-0: Ground out 5-3 (Groundball, 56S) José Sosa to third
|
Batting: SHB Tony Martínez
|
0-0: Ball 1-0: Called Strike 1-1: Ball 2-1: SINGLE (Groundball, 34) (infield hit) José Sosa scores
|
Batting: RHB Manuel Díaz
|
0-0: Foul Ball, location: 2F 0-1: Swinging Strike 0-2: Fly out, F2 (Popup, 2RF)
|
Bottom of the 1st over - 2 run(s), 2 hit(s), 1 error(s), 1 left on base; Grand Forks 0 - Myrtle Beach 2 |
TOP OF THE 2ND |
Grand Forks Caterpillars batting - Pitching for Myrtle Beach Seahawks : RHP Mario Ruíz
|
Batting: RHB Vicente Cruz
|
0-0: Called Strike 0-1: Ball 1-1: Fly out, F9 (Flyball, 89M)
|
Batting: RHB Jesús Vásquez
|
0-0: Ball 1-0: Called Strike 1-1: Called Strike 1-2: Strikes out swinging
|
Batting: RHB Fokke Willemsen
|
0-0: Called Strike 0-1: Swinging Strike 0-2: Ground out 4-3 (Groundball, 4)
|
Top of the 2nd over - 0 run(s), 0 hit(s), 0 error(s), 0 left on base; Grand Forks 0 - Myrtle Beach 2 |
BOTTOM OF THE 2ND |
Myrtle Beach Seahawks batting - Pitching for Grand Forks Caterpillars : RHP Luis Villabos
|
Batting: RHB Guillaume Colin
|
0-0: Swinging Strike 0-1: Swinging Strike 0-2: Strikes out swinging
|
Batting: RHB Roberto Escues
|
0-0: Ball 1-0: Swinging Strike 1-1: Ball 2-1: TRIPLE (Flyball, 89XD)
|
Batting: SHB Tony Ortíz
|
0-0: Ball 1-0: Ground out U3 (Groundball, 3L)
|
Batting: RHB Fernando Pérez
|
0-0: Ball 1-0: Called Strike 1-1: Foul Ball, location: 2F 1-2: Ball 2-2: Foul Ball, location: 2F 2-2: SINGLE (Line Drive, 89S) Roberto Escues scores
|
Batting: RHB José Sosa
|
0-0: Ball 1-0: Ball Fernando Pérez steals 2nd base 2-0: Ball 3-0: Called Strike 3-1: SINGLE (Groundball, 56D) Fernando Pérez to third Runner from 3rd tries for Home, SAFE, no throw or cutoff
|
Batting: SHB Jorge Barrios
|
0-0: Called Strike 0-1: Ball 1-1: Ball 2-1: DOUBLE (Flyball, 78XD) José Sosa to third Runner from 3rd tries for Home, throw and OUT!
|
Bottom of the 2nd over - 2 run(s), 4 hit(s), 0 error(s), 1 left on base; Grand Forks 0 - Myrtle Beach 4 |
TOP OF THE 3RD |
Grand Forks Caterpillars batting - Pitching for Myrtle Beach Seahawks : RHP Mario Ruíz
|
Batting: RHB Ab van der Kamp
|
0-0: Ball 1-0: Ball 2-0: Called Strike 2-1: Swinging Strike 2-2: Ball 3-2: Strikes out swinging
|
Batting: LHB Armando Becerra
|
0-0: Called Strike 0-1: Ground out 6-3 (Groundball, 6M)
|
Batting: LHB Felipe Trujillo
|
0-0: Ball 1-0: Called Strike 1-1: Swinging Strike 1-2: Ball 2-2: Foul Ball, location: 2F 2-2: Ball 3-2: Strikes out looking
|
Top of the 3rd over - 0 run(s), 0 hit(s), 0 error(s), 0 left on base; Grand Forks 0 - Myrtle Beach 4 |
BOTTOM OF THE 3RD |
Myrtle Beach Seahawks batting - Pitching for Grand Forks Caterpillars : RHP Luis Villabos
|
Batting: RHB Rodrigo Lugo
|
0-0: Ball 1-0: Fly out, F7 (Flyball, 7M)
|
Batting: SHB Tony Martínez
|
0-0: Fly out, F8 (Flyball, 8LD)
|
Batting: RHB Manuel Díaz
|
0-0: Fly out, F9 (Flyball, 9M)
|
Bottom of the 3rd over - 0 run(s), 0 hit(s), 0 error(s), 0 left on base; Grand Forks 0 - Myrtle Beach 4 |
TOP OF THE 4TH |
Grand Forks Caterpillars batting - Pitching for Myrtle Beach Seahawks : RHP Mario Ruíz
|
Batting: SHB Luchino Salimbeni
|
0-0: Swinging Strike 0-1: SINGLE (Groundball, 3S) (infield hit)
|
Batting: RHB Nathaniel Gault
|
0-0: Foul Ball, location: 2F 0-1: Called Strike 0-2: Ball 1-2: Strikes out swinging
|
Batting: RHB Nobuhiko Nakayama
|
0-0: Ball 1-0: Fly out, F7 (Flyball, 7M)
|
Batting: RHB Vicente Cruz
|
0-0: Fly out, F3 (Popup, 4S)
|
Top of the 4th over - 0 run(s), 1 hit(s), 0 error(s), 1 left on base; Grand Forks 0 - Myrtle Beach 4 |
BOTTOM OF THE 4TH |
Myrtle Beach Seahawks batting - Pitching for Grand Forks Caterpillars : RHP Luis Villabos
|
Batting: RHB Guillaume Colin
|
0-0: Ball 1-0: Called Strike 1-1: Called Strike 1-2: Strikes out swinging
|
Batting: RHB Roberto Escues
|
0-0: Called Strike 0-1: Ball 1-1: Ball 2-1: Foul Ball, location: 2F 2-2: SINGLE (Groundball, 4MD)
|
Batting: SHB Tony Ortíz
|
0-0: Ball 1-0: Foul Ball, location: 2F 1-1: Called Strike Roberto Escues steals 2nd base 1-2: Ball 2-2: Fly out, F8 (Flyball, 8LM)
|
Batting: RHB Fernando Pérez
|
0-0: Ball 1-0: Called Strike 1-1: Ball 2-1: SINGLE (Line Drive, 3) Roberto Escues to third Runner from 3rd tries for Home, SAFE, no throw or cutoff
|
Batting: RHB José Sosa
|
Pickoff Throw to First - Error! E1 Fernando Pérez to second 0-0: Ground out 5-3 (Groundball, 56)
|
Bottom of the 4th over - 1 run(s), 2 hit(s), 1 error(s), 1 left on base; Grand Forks 0 - Myrtle Beach 5 |
TOP OF THE 5TH |
Grand Forks Caterpillars batting - Pitching for Myrtle Beach Seahawks : RHP Mario Ruíz
|
Batting: RHB Jesús Vásquez
|
0-0: Ball 1-0: Swinging Strike 1-1: SINGLE (Line Drive, 89S)
|
Batting: RHB Fokke Willemsen
|
0-0: Ball 1-0: Grounds into double play, 1-4-3 (Groundball, 13)
|
Batting: RHB Ab van der Kamp
|
0-0: Ground out 6-3 (Groundball, 6M)
|
Top of the 5th over - 0 run(s), 1 hit(s), 0 error(s), 0 left on base; Grand Forks 0 - Myrtle Beach 5 |
BOTTOM OF THE 5TH |
Myrtle Beach Seahawks batting - Pitching for Grand Forks Caterpillars : RHP Luis Villabos
|
Batting: SHB Jorge Barrios
|
0-0: Called Strike 0-1: Ball 1-1: Foul Ball, location: 2F 1-2: Ball 2-2: Ball 3-2: Fly out, F8 (Flyball, 8LM)
|
Pitching: LHP Juan Costello
|
|
Batting: RHB Rodrigo Lugo
|
0-0: Fly out, F4 (Popup, 4D)
|
Batting: SHB Tony Martínez
|
0-0: Ball 1-0: Ball 2-0: Ball 3-0: Called Strike 3-1: Fly out, F2 (Popup, 2RF)
|
Bottom of the 5th over - 0 run(s), 0 hit(s), 0 error(s), 0 left on base; Grand Forks 0 - Myrtle Beach 5 |
TOP OF THE 6TH |
Grand Forks Caterpillars batting - Pitching for Myrtle Beach Seahawks : RHP Mario Ruíz
|
Batting: LHB Armando Becerra
|
0-0: Ball 1-0: Called Strike 1-1: Ball 2-1: Ball 3-1: Foul Ball, location: 2F 3-2: Strikes out swinging
|
Batting: LHB Felipe Trujillo
|
0-0: Called Strike 0-1: Foul Ball, location: 2F 0-2: Ball 1-2: Ground out 1-3 (Groundball, 15S)
|
Batting: SHB Luchino Salimbeni
|
0-0: Ball 1-0: SINGLE (Groundball, 56D)
|
Batting: RHB Nathaniel Gault
|
0-0: Fly out, F9 (Flyball, 9LSF)
|
Top of the 6th over - 0 run(s), 1 hit(s), 0 error(s), 1 left on base; Grand Forks 0 - Myrtle Beach 5 |
BOTTOM OF THE 6TH |
Myrtle Beach Seahawks batting - Pitching for Grand Forks Caterpillars : LHP Juan Costello
|
Batting: RHB Manuel Díaz
|
0-0: Ball 1-0: Called Strike 1-1: Ball 2-1: Ball 3-1: Ground out 6-3 (Groundball, 56)
|
Batting: RHB Guillaume Colin
|
0-0: Called Strike 0-1: Swinging Strike 0-2: Fly out, F8 (Flyball, 8RM)
|
Batting: RHB Roberto Escues
|
0-0: Called Strike 0-1: Ball 1-1: Swinging Strike 1-2: Foul Ball, location: 2F 1-2: Strikes out swinging
|
Bottom of the 6th over - 0 run(s), 0 hit(s), 0 error(s), 0 left on base; Grand Forks 0 - Myrtle Beach 5 |
TOP OF THE 7TH |
Grand Forks Caterpillars batting - Pitching for Myrtle Beach Seahawks : RHP Mario Ruíz
|
Batting: RHB Nobuhiko Nakayama
|
0-0: Called Strike 0-1: Ball 1-1: Fly out, F7 (Line Drive, 7M)
|
Batting: RHB Vicente Cruz
|
0-0: Called Strike 0-1: Ball 1-1: Foul Ball, location: 2F 1-2: Ball 2-2: Foul Ball, location: 2F 2-2: Ground out 6-3 (Groundball, 6)
|
Batting: RHB Jesús Vásquez
|
0-0: Foul Ball, location: 2F 0-1: Ball 1-1: Ball 2-1: Ball 3-1: Base on Balls
|
Batting: RHB Fokke Willemsen
|
0-0: Called Strike 0-1: Ball 1-1: Swinging Strike 1-2: Strikes out looking
|
Top of the 7th over - 0 run(s), 0 hit(s), 0 error(s), 1 left on base; Grand Forks 0 - Myrtle Beach 5 |
BOTTOM OF THE 7TH |
Myrtle Beach Seahawks batting - Pitching for Grand Forks Caterpillars : LHP Juan Costello
|
Batting: SHB Tony Ortíz
|
0-0: Foul Ball, location: 2F 0-1: Ball 1-1: Ball 2-1: Foul Ball, location: 2F 2-2: Ball 3-2: Base on Balls
|
Batting: RHB Fernando Pérez
|
0-0: Sac Bunt - play at first, batter OUT! 2-3 Tony Ortíz to second
|
Batting: RHB José Sosa
|
0-0: Called Strike 0-1: Fly out, F8 (Flyball, 8RM)
|
Batting: SHB Jorge Barrios
|
0-0: Swinging Strike 0-1: Ball 1-1: Foul Ball, location: 2F 1-2: Fly out, F9 (Flyball, 9S)
|
Bottom of the 7th over - 0 run(s), 0 hit(s), 0 error(s), 1 left on base; Grand Forks 0 - Myrtle Beach 5 |
TOP OF THE 8TH |
Grand Forks Caterpillars batting - Pitching for Myrtle Beach Seahawks : RHP Mario Ruíz
|
Batting: RHB Ab van der Kamp
|
0-0: Foul Ball, location: 2F 0-1: Ball 1-1: Fly out, F2 (Popup, 23F)
|
Batting: LHB Armando Becerra
|
0-0: Called Strike 0-1: Ball 1-1: Ball 2-1: Ball 3-1: Base on Balls
|
Batting: LHB Felipe Trujillo
|
0-0: Called Strike 0-1: Ball 1-1: Ball 2-1: Foul Ball, location: 2F 2-2: Ball 3-2: Base on Balls Armando Becerra to second
|
Batting: SHB Luchino Salimbeni
|
0-0: Ball 1-0: Ball 2-0: SINGLE (Line Drive, 34) Armando Becerra to third Felipe Trujillo to second
|
Pitching: RHP Andrew Webster
|
|
Batting: RHB Nathaniel Gault
|
0-0: Ground out 6-3 (Groundball, 6MS) Armando Becerra scores Felipe Trujillo to third Luchino Salimbeni to second
|
Batting: RHB Nobuhiko Nakayama
|
0-0: Ground out 6-3 (Groundball, 6)
|
Top of the 8th over - 1 run(s), 1 hit(s), 0 error(s), 2 left on base; Grand Forks 1 - Myrtle Beach 5 |
BOTTOM OF THE 8TH |
Myrtle Beach Seahawks batting - Pitching for Grand Forks Caterpillars : LHP Juan Costello
|
Batting: RHB Rodrigo Lugo
|
0-0: Called Strike 0-1: Called Strike 0-2: Foul Ball, location: 2F 0-2: Foul Ball, location: 2F 0-2: Ball 1-2: Ball 2-2: Strikes out looking
|
Pitching: LHP José Duarte
|
|
Batting: SHB Tony Martínez
|
0-0: Ball 1-0: Foul Ball, location: 2F 1-1: Called Strike 1-2: Ball 2-2: SINGLE (Groundball, 56D)
|
Batting: RHB Manuel Díaz
|
0-0: Foul Ball, location: 2F 0-1: Ball 1-1: Foul Ball, location: 2F 1-2: Ball 2-2: Foul Ball, location: 2F 2-2: Grounds into double play, U6-3 (Groundball, 6)
|
Bottom of the 8th over - 0 run(s), 1 hit(s), 0 error(s), 0 left on base; Grand Forks 1 - Myrtle Beach 5 |
TOP OF THE 9TH |
Grand Forks Caterpillars batting - Pitching for Myrtle Beach Seahawks : RHP Andrew Webster
|
Batting: RHB Vicente Cruz
|
0-0: Ground out 5-3 (Groundball, 56)
|
Batting: RHB Jesús Vásquez
|
0-0: Ball 1-0: Called Strike 1-1: Ball 2-1: Ball 3-1: Foul Ball, location: 2F 3-2: Foul Ball, location: 2F 3-2: Strikes out swinging
|
Batting: RHB Fokke Willemsen
|
0-0: Called Strike 0-1: Foul Ball, location: 2F 0-2: Ball 1-2: Ball 2-2: Ground out 5-3 (Groundball, 5)
|
Top of the 9th over - 0 run(s), 0 hit(s), 0 error(s), 0 left on base; Grand Forks 1 - Myrtle Beach 5 |
|